Workbook

Sheet tableau
A1: RECETTES ENCAISSEES | C1: RECETTES VENTES | D1: RECETTES SOINS | E1: TOTAL RECETTES | I1: SORTIES DE CAISSE
A3: Date | B3: observations | F3: CB | G3: Espèces | H3: contrôle | I3: Versement banque | J3: dépenses | L3: Retrait personnel | M3: Solde caisse
E4: =SUM(C4:D4) -> 0 | H4: =SUM(F4:G4) -> 0 | M4: =G4-I4-J4-L4 -> 0
E5: =SUM(C5:D5) -> 0 | H5: =SUM(F5:G5) -> 0 | M5: =M4+G5-I5-J5-L5 -> 0
E6: =SUM(C6:D6) -> 0 | H6: =SUM(F6:G6) -> 0 | M6: =M5+G6-I6-J6-L6 -> 0
E7: =SUM(C7:D7) -> 0 | H7: =SUM(F7:G7) -> 0 | M7: =M6+G7-I7-J7-L7 -> 0
E8: =SUM(C8:D8) -> 0 | H8: =SUM(F8:G8) -> 0 | M8: =M7+G8-I8-J8-L8 -> 0
E9: =SUM(C9:D9) -> 0 | H9: =SUM(F9:G9) -> 0 | M9: =M8+G9-I9-J9-L9 -> 0
E10: =SUM(C10:D10) -> 0 | H10: =SUM(F10:G10) -> 0 | M10: =M9+G10-I10-J10-L10 -> 0
E11: =SUM(C11:D11) -> 0 | H11: =SUM(F11:G11) -> 0 | M11: =M10+G11-I11-J11-L11 -> 0
E12: =SUM(C12:D12) -> 0 | H12: =SUM(F12:G12) -> 0 | M12: =M11+G12-I12-J12-L12 -> 0
E13: =SUM(C13:D13) -> 0 | H13: =SUM(F13:G13) -> 0 | M13: =M12+G13-I13-J13-L13 -> 0
E14: =SUM(C14:D14) -> 0 | H14: =SUM(F14:G14) -> 0 | M14: =M13+G14-I14-J14-L14 -> 0
E15: =SUM(C15:D15) -> 0 | H15: =SUM(F15:G15) -> 0 | M15: =M14+G15-I15-J15-L15 -> 0
E16: =SUM(C16:D16) -> 0 | H16: =SUM(F16:G16) -> 0 | M16: =M15+G16-I16-J16-L16 -> 0
... E34: =SUM(C34:D34) -> 0 | H34: =SUM(F34:G34) -> 0 | M34: =M33+G34-I34-J34-L34 -> 0
A35: TOTAL | C35: =SUM(C4:C34) -> 0 | D35: =SUM(D4:D34) -> 0 | E35: =SUM(E4:E34) -> 0 | F35: =SUM(F4:F33) -> 0 | G35: =SUM(G4:G33) -> 0 | H35: =SUM(F35:G35) -> 0

Sheet od
A1: date | B1: libellé | C1: débit | D1: crédit | E1: solde
A2: =tableau!A4 -> 0 | B2: cheque | D2: =tableau!#REF! -> #REF!
A3: =tableau!A4 -> 0 | B3: cb | D3: =tableau!F4 -> 0
B4: especes | D4: =tableau!G4 -> 0
B5: tr | D5: =tableau!#REF! -> #REF!
B6: virement | D6: =tableau!#REF! -> #REF!
D7: =tableau!#REF! -> #REF!
D8: =tableau!F9 -> 0
D9: =tableau!G9 -> 0
D10: =tableau!#REF! -> #REF!
D11: =tableau!#REF! -> #REF!
